 Dungeon Crawl Stone Soup version 0.22-a0-348-gd16d139 (webtiles) character file.

70 BaronVonScrub the Skirmisher (level 4, -5/30 HPs)
             Began as a Gargoyle Monk on Apr 7, 2018.
             Killed by nerve-wracking pain
             ... invoked by BaronVonScrub's ghost
              (6 damage)
             ... on level 3 of the Dungeon.
             The game lasted 00:07:51 (2527 turns).

BaronVonScrub the Skirmisher (Gargoyle Monk)        Turns: 2527, Time: 00:07:51

Health: -5/30      AC:  5    Str: 16    XL:     4   Next: 22%
Magic:  4/4        EV: 13    Int: 10    God:
Gold:   151        SH:  0    Dex: 12    Spells: 3/3 levels left

rFire    . . .     SeeInvis .     - Unarmed
rCold    . . .     Gourm    .   (no shield)
rNeg     + . .     Faith    .   d - +0 robe
rPois    ∞         Spirit   .   (no helmet)
rElec    +         Reflect  .   (no cloak)
rCorr    .         Harm     .   (no gloves)
MR       .....                  (no boots)
Stlth    ++........             (no amulet)
HPRegen  0.10/turn              (no ring)
MPRegen  0.09/turn              (no ring)

@: no status effects
A: negative energy resistance 1, electricity resistance, unbreathing,
petrification resistance, rot immunity, AC +3
a: no special abilities


You were on level 3 of the Dungeon.
You were not hungry.

You visited 1 branch of the dungeon, and saw 3 of its levels.

You collected 151 gold pieces.

Inventory:

Armour
 a - a +0 robe
 d - a +0 robe (worn)
Scrolls
 c - 3 scrolls of identify
 e - a scroll of magic mapping {unknown}
 f - 3 scrolls of immolation {unknown}
 g - a scroll of enchant armour {unknown}
 i - 2 scrolls of amnesia {unknown}
 j - a scroll of fog {unknown}
 o - a scroll of noise {unknown}
Potions
 h - a potion of cancellation {unknown}
 k - a potion of degeneration {unknown}
 l - a potion of might {unknown}
 m - 2 potions of lignification {unknown}
 n - a potion of flight {unknown}
Comestibles
 b - 7 rations


   Skills:
 * Level 4.8 Fighting
 + Level 3.0 Dodging
 - Level 2.2 Stealth
 - Level 3.0 Unarmed Combat


You had 3 spell levels left.
You didn't know any spells.

Dungeon Overview and Level Annotations

Branches:
Dungeon (3/15)

Altars:
Sif Muna

Annotations:
D:3 BaronVonScrub's ghost, amateur DsNe


Innate Abilities, Weirdness & Mutations

You are resistant to torment.
Your stone body is resilient. (AC +3)
You are immune to poison.
You resist negative energy. (rN+)
You are resistant to electric shocks. (rElec)
You can survive without breathing.
You are immune to petrification.
You are immune to rotting.


Message History

BaronVonScrub's ghost is moderately damaged.
BaronVonScrub's ghost casts a spell at you.
You are unaffected.
You hit BaronVonScrub's ghost.
BaronVonScrub's ghost is moderately damaged.
BaronVonScrub's ghost hits you.
* * * LOW HITPOINT WARNING * * *
You hit BaronVonScrub's ghost.
BaronVonScrub's ghost is heavily damaged.
BaronVonScrub's ghost points at you and mumbles some strange words.
You barely resist. You closely miss BaronVonScrub's ghost.
BaronVonScrub's ghost is heavily damaged.
BaronVonScrub's ghost hits you.
* * * LOW HITPOINT WARNING * * *
You hit BaronVonScrub's ghost.
BaronVonScrub's ghost is heavily damaged.
BaronVonScrub's ghost gestures at you while chanting.
Pain shoots through your body!
You die...

## .. #.####### #.#.....#
.# #####.#.###># #.#
.....#.# #.# #.#
#####..#.###.# #.# .#
....?........####.##.##.#
.####..#@###......##.##.#
#..#W# #.#######.##.#
......# #............(
###..### #########.#..#
#.. #........... #..
#.####...... #.. #.#
#...... # #.# #####.# #.#
#.#


You could see BaronVonScrub's ghost.

Vanquished Creatures
  2 adders
  A worm (D:3)
  2 dart slugs
  A leopard gecko (D:1)
  6 orcs (D:3)
  A giant cockroach (D:2)
  5 goblins
  5 hobgoblins
  A ball python (D:2)
  4 bats
  3 frilled lizards
  5 kobolds
  3 rats
39 creatures vanquished.

Notes
Turn   | Place    | Note
-------+----------+-------------------------------------------
     0 | D:1      | BaronVonScrub the Gargoyle Monk began the quest for the Orb.
     0 | D:1      | Reached XP level 1. HP: 14/14 MP: 1/1
   422 | D:1      | Reached XP level 2. HP: 16/20 MP: 2/2
  1291 | D:2      | Reached skill level 4 in Fighting
  1296 | D:2      | Reached XP level 3. HP: 15/24 MP: 3/3
  1902 | D:3      | Reached XP level 4. HP: 26/30 MP: 4/4
  2088 | D:3      | Found a deep blue altar of Sif Muna.
  2511 | D:3      | Noticed BaronVonScrub's ghost (amateur DsNe)
  2526 | D:3      | HP: 1/30 [BaronVonScrub's ghost (5)]
  2527 | D:3      | Killed from afar by BaronVonScrub's ghost

Vault maps used:
D:1:      shiori_shiawase
D:2:      first_ration
D:3:      nicolae_overflow_hidden_temple

Skill      XL: |  1  2  3 |
---------------+----------+-----
Fighting       | 4 |  4.8
Dodging        | 3 |  3.0
Stealth        | |  2.2
Unarmed Combat | |  3.0

Action                   |  1- 3 |  4- 6 || total
-------------------------+-------+-------++-------
Melee: Unarmed           |   145 |    44 ||   189
       Punch             |     2 |     1 ||     3
  Use: Scroll            |     2 |       ||     2
       Potion            |     1 |       ||     1
 Stab: Sleeping          |     3 |     1 ||     4
  Eat: Chunk             |     3 |     2 ||     5
Armor: Robe              |    27 |     3 ||    30
Dodge: Dodged            |    93 |    14 ||   107

Table legend:
 A = Spawn XP
 B = Non-spawn XP
 C = Spawn XP percentage of total XP
 D = Spawn monster count
 E = Non-spawn monster count
 F = Spawn count percentage of total count
 G = Total turns spent on level
                    A         B        C        D         E        F      G
               +---------+---------+-------+---------+---------+-------+---------
         Total |       0 |     101 |   0.0 |       0 |      39 |   0.0 |  2527
               +---------+---------+-------+---------+---------+-------+---------
           D:1 |       0 |      24 |   0.0 |       0 |      14 |   0.0 |  1287
           D:2 |       0 |      31 |   0.0 |       0 |      10 |   0.0 |   557
           D:3 |       0 |      46 |   0.0 |       0 |      15 |   0.0 |   683
               +---------+---------+-------+---------+---------+-------+---------
